 Dungeon Crawl Stone Soup version 0.32-a0-30-gefbe487952 (webtiles) character file.

Game seed: 14873688825044477820

1509719 jestert79 the Conqueror (level 25, 232/257 HPs)
             Began as a Hill Orc Fighter on Jan 18, 2024.
             Was a High Priest of Beogh.
             Escaped with the Orb
             ... and 3 runes on Jan 19, 2024!
             The game lasted 05:43:33 (78635 turns).

jestert79 the Conqueror (Hill Orc Fighter)         Turns: 78635, Time: 05:43:33

Health: 232/257    AC: 43    Str: 30    XL:     25   Next: 75%
Magic:  26/30      EV: 10    Int:  8    God:    Beogh [*****.]
Gold:   4296       SH: 31    Dex: 10    Spells: 24/24 levels left

rFire   + + +        a - +9 broad axe (freeze)
rCold   + + +        Z - +3 tower shield {rC+ rF+}
rNeg    . . .        N - +2 gold dragon scales
rPois   +            U - +3 crown of Dyrovepreva {rElec Int+2 SInv}
rElec   +            d - +2 cloak {Will+}
rCorr   +            W - +2 pair of gloves
SInv    +            h - +2 pair of boots of the Supporting Gods {rPois rCorr Str+2 SInv Stlth-}
Will    +++..        r - amulet of reflection Stlth
                     A - ring of Paul Xarph {Fly rElec Will+ SInv}
HPRegen 0.62/turn    x - ring "Kiwor" {rF+++ rC+ rCorr Str-3}
MPRegen 0.22/turn

%: random rage (3%), reflection
@: flying, studying Air Magic
A: walk on water, hooves 1, horns 1, berserk 1, deterioration 1, dopey 1, low MP
1, screaming 1, teleportitis 1, wild magic 1, MP-powered wands
0: Orb of Zot
}: 3/15 runes: serpentine, barnacled, slimy
a: Renounce Religion, Smiting, Recall Orcish Followers, Give Item to Named
Follower


You escaped.
You worshipped Beogh.
Beogh was extremely pleased with you.
You visited 11 branches of the dungeon, and saw 54 of its levels.
You also visited: Trove and Ice Cave.

You collected 8125 gold pieces.
You spent 3829 gold pieces at shops.

Inventory:

Hand Weapons
 a - a +9 broad axe of freezing (weapon)
 B - a +9 antimagic broad axe
Missiles
 Q - 2 throwing nets (quivered)
Armour
 d - a +2 cloak of willpower (worn)
 h - the +2 pair of boots of the Supporting Gods (worn) {rPois rCorr Str+2 SInv Stlth-}
   (You found it on level 2 of the Dungeon)

   Str+2:     It affects your strength (+2).
   rPois:     It protects you from poison SInv: It lets you see invisible.
   rCorr:     It protects you from acid and corrosion.
   Stlth-:    It makes you less stealthy.
 N - +2 gold dragon scales (worn)
 U - the +3 crown of Dyrovepreva (worn) {rElec Int+2 SInv}
   (You found it on level 5 of the Pits of Slime)

   Int+2:     It affects your intelligence (+2).
   rElec:     It insulates you from electricity.
   SInv:      It lets you see invisible.
 W - a +2 pair of gloves (worn)
 Z - a +3 tower shield of resistance (worn)
Jewellery
 b - a ring of positive energy
 n - the ring of Okev {rElec rPois rF+ Str+3 Dex-2}
   (You found it on level 5 of the Pits of Slime)

   [ring of poison resistance]

   Str+3:     It affects your strength (+3).
   Dex-2:     It affects your dexterity (-2).
   rF+:       It protects you from fire.
   rElec:     It insulates you from electricity.
   rPois:     It protects you from poison
 r - an amulet of reflection (around neck)
 u - a ring of resist corrosion
 w - a ring of fire
 x - the ring "Kiwor" (right hand) {rF+++ rC+ rCorr Str-3}
   (You found it on level 1 of the Crypt)

   [ring of protection from cold]

   Str-3:     It affects your strength (-3).
   rF+++:     It renders you almost immune to fire.
   rC+:       It protects you from cold.
   rCorr:     It protects you from acid and corrosion.
 A - the ring of Paul Xarph (left hand) {Fly rElec Will+ SInv}
   (You took it off a vampire knight on level 2 of the Depths)

   [ring of flight]

   rElec:     It insulates you from electricity.
   Will+:     It increases your willpower.
   SInv:      It lets you see invisible.
   Fly:       It grants you flight.
 G - a ring of flight
 M - the ring "Ockun" {rElec Will+}
   (You found it on level 5 of the Pits of Slime)

   [ring of willpower]

   rElec:     It insulates you from electricity.
   Will+:     It increases your willpower.
 X - a ring of protection from cold
 Y - a ring of willpower
Wands
 e - a wand of digging (6)
 E - a wand of quicksilver (26)
 F - a wand of iceblast (30)
Scrolls
 g - 7 scrolls of revelation
 i - 5 scrolls of silence
 j - 6 scrolls of fear
 k - 8 scrolls of poison
 l - 12 scrolls of teleportation
 t - 12 scrolls of vulnerability
 I - 2 scrolls of immolation
 P - 33 scrolls of identify
 R - 6 scrolls of fog
Potions
 c - 4 potions of cancellation
 f - 15 potions of curing
 o - 5 potions of resistance
 p - 2 potions of ambrosia
 q - 8 potions of haste
 v - 8 potions of attraction
 y - a potion of lignification
 C - a potion of berserk rage
 D - 2 potions of magic
 H - a potion of brilliance
 L - 5 potions of enlightenment
 O - 3 potions of might
 S - a potion of invisibility
Miscellaneous
 m - a phial of floods


   Skills:
 O Level 27 Fighting
 - Level 18.0 Axes
 - Level 3.0 Throwing
 + Level 25.6 Armour
 - Level 8.0 Dodging
 + Level 26.4 Shields
 - Level 14.0 Invocations
 - Level 10.8 Evocations


You had 24 spell levels left.
You didn't know any spells.
Your spell library contained the following spells:

 Spells                   Type           Power      Damage    Failure   Level
 Foxfire                  Conj/Fire      0%         2x1d4     97%         1
 Freeze                   Ice            0%         1d3       97%         1
 Kiss of Death            Conj/Necr      0%         2d5       97%         1
 Magic Dart               Conj           0%         1d3       97%         1
 Necrotise                Necr           0%         1d4       97%         1
 Sting                    Conj/Alch      0%         1d3       97%         1
 Summon Small Mammal      Summ           0%         N/A       97%         1
 Blink                    Tloc           0%         N/A       99%         2
 Call Imp                 Summ           0%         N/A       99%         2
 Cigotuvi's Dreadful Rot  Necr/Alch/Air  0%         N/A       99%         2
 Ensorcelled Hibernation  Hex/Ice        0%         N/A       99%         2
 Jinxbite                 Hex            0%         N/A       99%         2
 Lesser Beckoning         Tloc           0%         N/A       99%         2
 Mercury Vapours          Alch/Air       0%         N/A       99%         2
 Momentum Strike          Conj/Tloc      0%         3d8       99%         2
 Static Discharge         Conj/Air       0%         3-3/arc   99%         2
 Sublimation of Blood     Necr           0%         N/A       99%         2
 Call Canine Familiar     Summ           0%         N/A       100%        3
 Dazzling Flash           Conj/Hex       0%         N/A       100%        3
 Frozen Ramparts          Ice            0%         1d1       100%        3
 Fugue of the Fallen      Necr           0%         N/A       100%        3
 Hailstorm                Conj/Ice       0%         3d5       100%        3
 Ozocubu's Armour         Ice            0%         N/A       100%        3
 Sigil of Binding         Hex            0%         N/A       100%        3
 Stone Arrow              Conj/Erth      0%         3d7       100%        3
 Summon Ice Beast         Ice/Summ       0%         N/A       100%        3
 Tukima's Dance           Hex            0%         N/A       100%        3
 Vampiric Draining        Necr           0%         2d6       100%        3
 Volatile Blastmotes      Fire/Tloc      0%         2d10      100%        3
 Anguish                  Hex/Necr       0%         N/A       100%        4
 Animate Armour           Summ/Erth      0%         N/A       100%        4
 Animate Dead             Necr           0%         N/A       100%        4
 Brom's Barrelling Bould  Conj/Erth      0%         2d3       100%        4
 Cause Fear               Hex            0%         N/A       100%        4
 Dimensional Bullseye     Hex/Tloc       0%         N/A       100%        4
 Ignite Poison            Fire/Alch      0%         N/A       100%        4
 Iskenderun's Mystic Bla  Conj/Tloc      0%         2d3       100%        4
 Leda's Liquefaction      Alch/Erth      0%         N/A       100%        4
 Manifold Assault         Tloc           0%         N/A       100%        4
 Martyr's Knell           Necr/Summ      0%         N/A       100%        4
 Olgreb's Toxic Radiance  Alch           0%         N/A       100%        4
 Passage of Golubria      Tloc           0%         N/A       100%        4
 Sticky Flame             Fire/Alch      0%         2d4       100%        4
 Summon Lightning Spire   Summ/Air       0%         N/A       100%        4
 Vhi's Electric Charge    Tloc/Air       0%         N/A       100%        4
 Arcjolt                  Conj/Air       0%         1d10      100%        5
 Curse of Agony           Necr           0%         N/A       100%        5
 Fireball                 Conj/Fire      0%         3d3       100%        5
 Freezing Cloud           Conj/Ice/Air   0%         6-21      100%        5
 Iskenderun's Battlesphe  Conj           0%         2d6       100%        5
 Lee's Rapid Deconstruct  Erth           0%         3d4*      100%        5
 Metabolic Englaciation   Hex/Ice        0%         N/A       100%        5
 Silence                  Hex/Air        0%         N/A       100%        5
 Summon Forest            Summ/Tloc      0%         N/A       100%        5
 Summon Mana Viper        Hex/Summ       0%         N/A       100%        5
 Yara's Violent Unravell  Hex/Alch       0%         3d3       100%        5
 Bombard                  Conj/Erth      0%         9d1       100%        6
 Conjure Ball Lightning   Conj/Air       0%         3x3d6     100%        6
 Death Channel            Necr           0%         N/A       100%        6
 Dispersal                Tloc           0%         N/A       100%        6
 Plasma Beam              Fire/Air       0%         2x1d10    100%        6
 Sculpt Simulacrum        Ice/Alch       0%         N/A       100%        6
 Starburst                Conj/Fire      0%         6d3       100%        6
 Summon Cactus Giant      Summ           0%         N/A       100%        6
 Enfeeble                 Hex            0%         N/A       100%        7
 Haunt                    Necr/Summ      0%         N/A       100%        7
 Malign Gateway           Summ/Tloc      0%         N/A       100%        7
 Orb of Destruction       Conj           0%         9d5       100%        7
 Spellforged Servitor     Conj/Summ      0%         N/A       100%        7
 Summon Hydra             Summ           0%         N/A       100%        7
 Borgnjor's Revivificati  Necr           0%         N/A       100%        8
 Disjunction              Tloc           0%         N/A       100%        8
 Ignition                 Fire           0%         3d3       100%        8
 Lehudib's Crystal Spear  Conj/Erth      0%         10d2      100%        8
 Maxwell's Capacitive Co  Air            0%         ∞         100%        8
 Summon Horrible Things   Summ           0%         N/A       100%        8
 Chain Lightning          Conj/Air       0%         N/A       100%        9
 Death's Door             Necr           0%         N/A       100%        9
 Dragon's Call            Summ           0%         N/A       100%        9


Dungeon Overview and Level Annotations

Branches:
Dungeon (15/15)            Temple (0/1) D:7            Lair (5/5) D:9
 Shoals (4/4) Lair:3        Snake (4/4) Lair:3        Slime (5/5) Lair:4
    Orc (2/2) D:12            Elf (3/3) Orc:2        Vaults (4/5) D:14
  Crypt (3/3) Vaults:2       Tomb (0/3) Crypt:3      Depths (4/4) D:15
    Zot (5/5) Depths:4      IceCv (visited)

Altars:
Cheibriados
Elyvilon
Fedhas
Gozag
Hepliaklqana
Kikubaaqudgha
Makhleb
Nemelex Xobeh
Sif Muna
Yredelemnul
Zin
The Shining One
Beogh
Jiyva

Shops:
D:10 *[   Orc:1 =!   Orc:2 (==?   Elf:2 (   Shoals:1 *   Shoals:2 *[
Shoals:4 *   Snake:1 ?(   Snake:2 [

Portals:
Hell: Depths:1 Depths:2 Depths:3 Depths:4
Abyss: Depths:3
Pandemonium: Depths:2
Ziggurat: Depths:1

Annotations:
D:9 2 runed translucent doors
Lair:5 exclusion: obsidian statue
Zot:5 exclusion: orange crystal statue


Innate Abilities, Weirdness & Mutations

You can walk on water.
You have large cloven feet.
You have a pair of small horns on your head.
You sometimes lose your temper in combat.
Your body sometimes deteriorates upon taking damage.
You are dopey. (Int -2)
Your magical capacity is low. (-10% MP)
You occasionally shout uncontrollably at your foes.
You are occasionally teleported next to monsters.
Your spells are a little harder to cast, but a little more powerful.
You expend magic power (3 MP) to strengthen your wands.


Message History

You kill the hellion!
Beogh accepts your kill.
Unknown command.
There is a stone staircase leading up here.
You fly upwards.
There is a stone staircase leading down here.
Magic restored.
There is a stone staircase leading up here.
You fly upwards.
There is a stone staircase leading down here.
There is a stone staircase leading up here.
You fly upwards.
There is a stone staircase leading down here.
There is a stone staircase leading up here.
You fly upwards.
There is a stone staircase leading down here.
A chaos spawn comes into view.
You yell at the chaos spawn!
There is a stone staircase leading up here.
You fly upwards.
There is a stone staircase leading down here.
Aiming: Dig
Press: ? - help, Shift-Dir - straight line A rock wall.
This square is covered in magical glow.
You feel a surge of power!
The rock shatters into small pieces.
Aiming: Dig
Press: ? - help, Shift-Dir - straight line A rock wall.
This square is covered in magical glow.
You feel a surge of power!
The rock shatters into small pieces.
Aiming: Dig
Press: ? - help, Shift-Dir - straight line A rock wall.
This square is covered in magical glow.
You feel a surge of power!
The rock shatters into small pieces.
An Iliomu and a chaos spawn come into view.
The chaos spawn screeches!
There is a staircase leading out of the dungeon here.
You have escaped!

..# #.# #.##.# #.# #.# .## #.#
#.##.# ### #.# #.# ## #.#
#.##.# #.# #.# #.#
#####.#####.##.#####.######.#
#.#
......#.....##.##...........#
#.#
##.##.#.#......##....#.######
#.#
##.##.#.#.#######......#####
#.#
##.##.#.#.######.8.........#
#.>
...............#@....#.#.#.#
###
.............###.8.........###
##.####.#.##.#
##......#.#...#### #.#
#.#....###.................
#.#
#.####....#.....##.....####
##.# #.# ###.#####&.#####.## #
...####.# #.## #4.# #.# #
...)....# #.# ##.# #.# #
##.###### #.# #.# #.# #


You could see Iliomu and a chaos spawn.

Vanquished Creatures
  the Royal Jelly (Slime:5)
  A dread lich (Crypt:3)
  An ancient lich (Crypt:3)
  5 orbs of fire
  Mara (Vaults:2)
  A juggernaut (Depths:2)
  Sojobo (Crypt:3)
  Saint Roka (Vaults:1)
  6 caustic shrikes
  2 curse toes
  Margery (Vaults:4)
  6 golden dragons
  Rupert (Snake:1)
  10 tentacled monstrosities
  10 Orb Guardians
  2 walking earthen tomes
  8 quicksilver dragons
  4 deep elf blademasters (Elf:3)
  3 sphinxes
  5 liches
  Asterion (Vaults:3)
  2 titans
  6 acid blobs (Slime:5)
  5 deep elf master archers (Elf:3)
  2 ancient champions
  10 death cobs
  Agnes (Elf:2)
  9 shadow dragons
  2 tengu reavers (Crypt:3)
  9 azure jellies
  5 protean progenitors
  5 storm dragons
  2 revenants
  6 fire giants
  3 nagarajas (Snake:4)
  9 draconian knights
  5 draconian monks
  3 rockslimes (Slime:5)
  3 curse skulls
  4 draconian scorchers
  3 deep elf sorcerers
  9 vault wardens
  A draconian shifter (Depths:4)
  4 ghost moths
  2 deep elf elementalists (Elf:3)
  6 frost giants
  4 draconian stormcallers
  3 ghouls (Crypt:1)
  2 broodmothers (Zot:3)
  3 quicksilver oozes (Slime:5)
  6 orc warlords
  14 ironbound preservers
  5 formless jellyfish
  17 very ugly things
  4 draconian annihilators
  7 vampire knights
  5 ironbound thunderhulks
  5 stone giants
  11 black draconians
  6 deep elf death magi (Elf:3)
  A caustic shrike skeleton (Crypt:3)
  13 red draconians
  7 deep elf demonologists
  11 green draconians
  7 deep elf annihilators
  2 war gargoyles
  8 yellow draconians
  7 purple draconians
  4 dire elephants
  9 white draconians
  5 merfolk javelineers (Shoals:4)
  A blizzard demon (Depths:3)
  An eidolon (Crypt:2)
  8 ettins
  Josephine (Lair:4)
  6 merfolk impalers
  5 jiangshi
  6 entropy weavers
  A fire dragon (Depths:3)
  2 deep elf high priests
  8 great orbs of eyes
  3 spriggan air magi (Depths:2)
  4 rakshasas (Depths:3)
  A hell beast (Depths:4)
  A salamander tyrant (Snake:4)
  2 peacekeepers
  6 vault guards
  8 ice dragons
  6 yaktaur captains
  A hydra (D:14)
  A fenstrider witch skeleton (Crypt:1)
  3 alligator snapping turtles (Shoals:4)
  2 anacondas
  A death knight (D:15)
  2 ghost crabs (Crypt:3)
  2 ironbound frosthearts (Vaults:2)
  2 catoblepae
  12 centaur warriors
  4 death yaks (Lair:5)
  4 deep troll earth magi
  A hell hog (Depths:4)
  21 dancing weapons
  A spriggan skeleton (Crypt:1)
  A merfolk aquamancer (Shoals:4)
  3 two-headed ogres
  2 boulder beetles
  A satyr (Shoals:3)
  4 naga warriors
  8 tengu warriors
  2 deep troll shamans
  10 naga sharpshooters
  2 spriggan berserkers
  3 vampire magi
  4 occultists
  2 shock serpents
  4 orc high priests
  6 hell knights
  15 deep elf knights
  A soul eater (Depths:4)
  2 shadow wraiths (Crypt:3)
  Amaemon (D:8)
  4 salamander mystics
  A sixfirhy (Depths:2)
  A deep troll (shapeshifter) (Depths:1)
  3 skysharks
  A spectral death yak (Lair:5)
  8 skeletal warriors
  A spectral anaconda (Lair:5)
  8 flayed ghosts
  47 deep trolls
  3 glowing orange brains
  A mana viper (shapeshifter) (Depths:3)
  4 sea snakes
  A glowing orange brain (shapeshifter) (Depths:2)
  2 mana vipers (Snake:1)
  5 bog bodies
  4 ironbound convokers
  4 naga ritualists
  10 lindwurms
  15 phantasmal warriors
  3 orc knights
  4 harpies
  10 deep elf archers
  11 deep elf zephyrmancers
  9 necromancers
  5 orc sorcerers
  A faun (Shoals:1)
  2 shining eyes
  20 ugly things
  21 deep elf pyromancers
  11 manticores
  3 cyclopes
  15 moths of wrath
  3 merfolk sirens
  4 salamanders
  A shadow dragon skeleton (Crypt:3)
  An ice statue (IceCv)
  3 kobold blastminers (Orc:2)
  A meliai (D:15)
  5 water nymphs
  15 vault sentinels
  16 black mambas
  6 naga magi
  2 iron dragon skeletons
  3 torpor snails (Lair:5)
  7 elephants (Lair:5)
  A smoke demon (Depths:4)
  A cane toad (shapeshifter) (Elf:2)
  6 cane toads
  A dire elephant zombie (Lair:5)
  An orange demon (D:8)
  An unseen horror (D:11)
  8 gargoyles
  A grey draconian zombie (Crypt:2)
  A hellion (D:6)
  2 rime drakes
  A steelbarb worm zombie (Crypt:2)
  A kobold demonologist (D:8)
  19 yaktaurs
  A tormentor (D:12)
  An efreet (D:12)
  5 komodo dragons
  3 guardian mummies (Crypt:3)
  4 freezing wraiths
  5 tengu conjurers
  9 trolls
  A queen bee (D:9)
  2 wind drakes (Shoals:4)
  17 merfolk
  A polar bear (Lair:3)
  2 glass eyes
  6 blink frogs
  A glass eye (shapeshifter) (Depths:4)
  A spectral elephant (Lair:5)
  A meliai zombie (Crypt:2)
  A dream sheep (Shoals:3)
  3 snapping turtles
  27 slime creatures
  5 shadows
  7 water elementals
  2 fire dragon skeletons (Crypt:3)
  3 wyverns
  4 air elementals
  A dire elephant simulacrum (IceCv)
  15 wraiths
  2 golden eyes (Slime:1)
  A black mamba skeleton (Crypt:1)
  Eustachio (D:4)
  3 vampire mosquitoes (D:15)
  7 basilisks
  22 yaks
  3 fire elementals
  2 death yak simulacra
  A redback (Vaults:2)
  3 steam dragons
  2 wargs
  18 nagas
  A faun zombie (Crypt:2)
  11 water moccasins
  Edmund (D:4)
  2 acid dragons
  2 hydra simulacra
  A hornet zombie (D:15)
  23 orc warriors
  A naga skeleton (Crypt:3)
  2 sky beasts
  4 ice beasts
  13 laughing skulls
  A black bear (Lair:4)
  6 boggarts
  11 ogres
  7 centaurs
  An elephant skeleton (Lair:5)
  5 phantoms
  A yaktaur zombie (Crypt:2)
  A kobold brigand (D:9)
  8 bullfrogs
  4 necrophages (Crypt:1)
  An earth elemental (Elf:2)
  A gnoll sergeant (D:5)
  10 two-headed ogre simulacra (IceCv)
  2 scorpions (D:5)
  2 cane toad simulacra (IceCv)
  10 wights
  A shapeshifter zombie (Crypt:1)
  A yak skeleton (Crypt:1)
  3 killer bees (D:9)
  3 howler monkeys
  5 elephant simulacra
  A polar bear skeleton (Crypt:2)
  An electric eel (Lair:4)
  A hound (D:6)
  2 bombardier beetles
  2 jellies
  9 orc priests
  5 iguanas
  2 hell rats (Lair:2)
  13 orc wizards
  2 sleepcaps (D:7)
  2 troll simulacra (IceCv)
  2 polar bear simulacra (IceCv)
  6 spriggan simulacra (IceCv)
  3 wolf simulacra (IceCv)
  An ogre zombie (Crypt:1)
  5 mummies (Crypt:3)
  4 gnolls (D:2)
  3 naga simulacra (IceCv)
  6 adders
  A shadow imp (D:7)
  11 white imps
  10 ufetubi
  A ribbon worm (D:1)
  4 dart slugs
  56 orcs
  2 ball pythons
  10 bats
  4 endoplasms
  3 giant cockroaches
  A gnoll zombie (Crypt:1)
  6 goblins
  6 hobgoblins
  5 jackals
  3 quokkas
  A frilled lizard (D:2)
  A kobold (D:3)
  3 rats
  A river rat skeleton (Crypt:2)
  2 spectral weapons (Vaults:3)
  4 tentacles (Shoals:4)
1443 creatures vanquished.

Vanquished Creatures (collateral kills)
  An ancient lich (Crypt:3)
  An orb of fire (Zot:1)
  A Killer Klown (Zot:5)
  2 tentacled monstrosities
  A lich (Depths:1)
  An acid blob (Slime:1)
  Polyphemus (Shoals:3)
  A searing wretch (Vaults:4)
  An ancient champion (Crypt:1)
  Aizul (Snake:1)
  A nagaraja (Snake:1)
  Donald (Snake:2)
  A shadow dragon (Vaults:2)
  3 azure jellies
  A revenant (Crypt:3)
  3 fire giants
  An iron dragon (Depths:2)
  2 rockslimes
  A frost giant (Vaults:2)
  A draconian shifter (Zot:2)
  A deep elf sorcerer (Elf:1)
  A vault warden (Vaults:3)
  2 deep elf elementalists (Elf:3)
  A curse skull (Crypt:2)
  2 ironbound preservers
  5 ghouls
  An orc warlord (Orc:2)
  2 very ugly things (Depths:2)
  A quicksilver ooze (Slime:1)
  A stone giant (Depths:3)
  A vampire knight (Crypt:2)
  3 ironbound thunderhulks
  A deep elf death mage (Vaults:4)
  A deep elf demonologist (Vaults:4)
  5 dire elephants
  2 war gargoyles (Crypt:3)
  3 deep elf annihilators
  A spark wasp (Depths:2)
  2 yellow draconians (Zot:1)
  An ettin (Depths:2)
  A purple draconian (Zot:3)
  An eidolon (Crypt:3)
  4 jiangshi
  2 merfolk impalers
  3 fire dragons
  An entropy weaver (shapeshifter) (D:15)
  3 merfolk javelineers
  7 slime creatures
  3 hydras
  2 salamander tyrants (Snake:4)
  2 yaktaur captains (Vaults:3)
  A deep elf high priest (Elf:3)
  2 ice dragons
  A spriggan air mage (Depths:1)
  2 rakshasas
  4 vault guards (D:14)
  The ghost of Eugor the Thaumaturge, a journeyman DECj of Vehumet (Lair:2)
  A ghost crab (Crypt:3)
  A merfolk avatar (Shoals:1)
  An alligator snapping turtle (Shoals:3)
  6 anacondas
  A catoblepas (Shoals:3)
  2 death knights
  2 centaur warriors
  2 boulder beetles
  3 tengu warriors (Depths:2)
  2 merfolk aquamancers (Shoals:4)
  11 dancing weapons
  3 two-headed ogres
  13 naga warriors
  2 death yaks (Shoals:3)
  A spectral dire elephant (Lair:5)
  A deep troll earth mage (Depths:2)
  2 occultists
  A titan zombie (Crypt:1)
  8 naga sharpshooters
  A vampire mage (Vaults:2)
  A shock serpent (Snake:2)
  2 orc high priests (Orc:2)
  A skyshark (Shoals:1)
  2 deep elf knights
  A spriggan berserker (Depths:1)
  2 hell knights (Vaults:4)
  2 salamander mystics (Snake:4)
  9 skeletal warriors
  12 deep trolls
  2 sea snakes
  A flayed ghost (Crypt:3)
  4 mana vipers
  5 arcanists
  6 deep elf archers
  A lindwurm (shapeshifter) (Vaults:2)
  2 phantasmal warriors (Crypt:3)
  3 naga ritualists
  3 bog bodies (Crypt:1)
  2 necromancers
  9 deep elf zephyrmancers
  2 anaconda skeletons (Crypt:3)
  10 harpies
  10 deep elf pyromancers
  An ironbound convoker (Vaults:4)
  3 orc sorcerers (Orc:2)
  An orc knight (Orc:2)
  11 ugly things
  5 salamanders
  9 manticores
  2 fauns (Shoals:1)
  An oklob plant (Lair:3)
  3 shining eyes
  2 cyclopes
  6 elephants
  23 black mambas
  2 meliai (D:15)
  An eleionoma skeleton (Crypt:1)
  A moth of wrath (Zot:1)
  2 torpor snails (Lair:5)
  2 water nymphs
  5 merfolk sirens
  4 gargoyles
  2 vault sentinels
  A kobold blastminer (Orc:2)
  2 guardian serpents
  A torpor snail (shapeshifter) (Elf:2)
  7 cane toads
  13 naga magi
  A shock serpent skeleton (Crypt:1)
  A centaur skeleton (Crypt:3)
  6 komodo dragons
  2 freezing wraiths
  2 yaktaurs (Vaults:3)
  4 tengu conjurers
  6 trolls
  9 merfolk
  2 wind drakes
  A harpy skeleton (Crypt:3)
  A polar bear (Lair:4)
  5 blink frogs
  4 dream sheep
  5 snapping turtles
  2 fire dragon skeletons (Crypt:3)
  A meliai zombie (D:15)
  A spectral elephant (Lair:5)
  A centaur simulacrum (D:15)
  A water elemental (Shoals:4)
  3 air elementals
  5 wraiths
  2 wyverns
  2 wargs
  20 yaks
  A black mamba skeleton (Crypt:1)
  A fire elemental (Elf:2)
  4 basilisks
  2 golden eyes (Slime:1)
  A steam dragon (D:9)
  20 nagas
  An acid dragon (D:12)
  A spectral cane toad (Lair:5)
  6 water moccasins
  4 ogres
  16 orc warriors (Orc:2)
  A black bear (Lair:4)
  6 laughing skulls
  A wolf (Lair:2)
  2 elephant skeletons
  2 centaurs
  3 bullfrogs
  2 cane toad simulacra (Lair:5)
  3 earth elementals
  3 wights
  An elephant simulacrum (Lair:5)
  5 electric eels
  4 orc priests
  8 orc wizards
  3 hell rats (Lair:2)
  A boggart skeleton (D:15)
  A deep dwarf zombie (Crypt:2)
  2 mummies (Crypt:3)
  A steam dragon skeleton (Crypt:1)
  An adder zombie (Crypt:1)
  22 orcs
  A butterfly (Lair:1)
  2 tentacles (Shoals:4)
588 creatures vanquished.

Vanquished Creatures (others)
  A kraken (Shoals:4)
  A draconian knight (Zot:2)
  3 orc warlords
  A draconian annihilator (Zot:4)
  32 orc knights
  A merfolk impaler (Shoals:4)
  2 orc high priests
  A merfolk aquamancer (Shoals:4)
  An occultist (D:15)
  A deep elf knight (Elf:1)
  2 orc sorcerers
  3 deep elf pyromancers
  An unseen horror (D:12)
  A freezing wraith (D:15)
  17 orc wizards
  26 orc warriors
  A water elemental (Elf:1)
  A warg (Orc:2)
  A spectral cane toad (Lair:5)
  An ogre (Lair:2)
  A killer bee (D:9)
  34 orc priests
  An adder (D:4)
  77 orcs
  10 tentacles (Shoals:4)
221 creatures vanquished.

Grand Total: 2252 creatures vanquished

Notes
Turn   | Place    | Note
-------+----------+-------------------------------------------
     0 | D:1      | jestert79 the Hill Orc Fighter began the quest for the Orb.
     0 | D:1      | Reached XP level 1. HP: 19/19 MP: 1/1
    85 | D:1      | Found a faded altar of an unknown god.
    96 | D:1      | Got Plato's Octavo of Iniquitous Magic
   200 | D:1      | Reached XP level 2. HP: 26/26 MP: 2/2
   766 | D:2      | Reached XP level 3. HP: 9/31 MP: 3/3
   998 | D:1      | Reached skill level 5 in Axes
  1042 | D:2      | Identified the +2 pair of boots of the Supporting Gods
                  | {rPois rCorr Str+2 SInv Stlth-}
  1090 | D:2      | Reached XP level 4. HP: 32/39 MP: 4/4
  1384 | D:2      | HP: 1/39 [poisoned by a gnoll]
  1834 | D:3      | Reached XP level 5. HP: 30/45 MP: 5/5
  1859 | D:3      | Became a worshipper of Beogh the Brigand
  2518 | D:4      | Noticed a phantom
  2695 | D:4      | Killed a phantom
  2696 | D:4      | Reached XP level 6. HP: 46/51 MP: 6/6
  2836 | D:4      | Noticed Edmund
  2837 | D:4      | Noticed Eustachio
  2842 | D:4      | Killed Edmund
  2860 | D:4      | Killed Eustachio
  2861 | D:4      | Reached XP level 7. HP: 46/57 MP: 7/7
  2960 | D:4      | Reached skill level 10 in Axes
  3664 | D:5      | Entered Level 5 of the Dungeon
  3714 | D:5      | Reached * piety under Beogh
  3893 | D:5      | Reached XP level 8. HP: 46/64 MP: 8/8
  3995 | D:5      | Found a shimmering blue altar of Sif Muna.
  4247 | D:5      | Identified the +2 robe "Yschidimp" {+Inv}
  4532 | D:5      | Reached skill level 4 in Fighting
  4876 | D:6      | Found a blossoming altar of Fedhas.
  5154 | D:6      | Reached XP level 9. HP: 72/72 MP: 9/9
  5558 | D:7      | Reached skill level 5 in Fighting
  5780 | D:7      | Reached skill level 5 in Armour
  5780 | D:7      | Reached skill level 5 in Shields
  5841 | D:7      | Identified the +0 robe of Indemnity {-Tele rElec rC++
                  | rN+++}
  5868 | D:7      | Reached ** piety under Beogh
  6037 | D:7      | Found a staircase to the Ecumenical Temple.
  6104 | D:7      | Reached skill level 6 in Fighting
  6763 | D:8      | Noticed a kobold demonologist
  6875 | D:8      | Killed a kobold demonologist
  6876 | D:8      | Reached skill level 1 in Throwing
  7061 | D:8      | Reached XP level 10. HP: 81/84 MP: 10/10
  7242 | D:8      | Noticed Amaemon
  7343 | D:8      | Noticed an orange demon
  7380 | D:8      | Killed an orange demon
  7381 | D:8      | Reached skill level 7 in Fighting
  7392 | D:8      | Killed Amaemon
  7548 | D:8      | Found a glowing silver altar of Zin.
  7548 | D:8      | Found a basalt altar of Yredelemnul.
  7548 | D:8      | Found a glowing golden altar of the Shining One.
  7556 | D:8      | Found a snail-covered altar of Cheibriados.
  7558 | D:8      | Found a white marble altar of Elyvilon.
  7559 | D:8      | Found a hazy altar of Hepliaklqana.
  7561 | D:8      | Found a burning altar of Makhleb.
  7565 | D:8      | Found an ancient bone altar of Kikubaaqudgha.
  7566 | D:8      | Found an opulent altar of Gozag.
  7891 | D:9      | Reached *** piety under Beogh
  7947 | D:9      | Found a large runed translucent door.
  7953 | D:9      | Found a large runed translucent door.
  7970 | D:9      | Noticed a centaur warrior
  7982 | D:9      | Killed a centaur warrior
  7992 | D:9      | Reached skill level 8 in Fighting
  8144 | D:9      | Noticed a manticore
  8144 | D:9      | Noticed a deep elf pyromancer
  8150 | D:9      | Found a large runed translucent door.
  8150 | D:9      | Found a large runed translucent door.
  8188 | D:9      | Reached skill level 15 in Axes
  8206 | D:9      | Noticed a centaur warrior
  8215 | D:9      | Killed a centaur warrior
  8216 | D:9      | Reached XP level 11. HP: 86/95 MP: 11/11
  8341 | D:9      | Found a staircase to the Lair.
  8345 | D:9      | Noticed a fire crab
  8598 | D:9      | a fire crab changed into a queen bee
  8806 | D:9      | Reached skill level 9 in Fighting
  9166 | D:9      | Noticed a two-headed ogre
  9176 | D:9      | Killed a two-headed ogre
  9570 | D:10     | Entered Level 10 of the Dungeon
  9584 | D:10     | Noticed a deep elf pyromancer
  9587 | D:10     | Killed a deep elf pyromancer
  9599 | D:10     | Reached **** piety under Beogh
  9942 | D:10     | Found a roughly hewn altar of Beogh.
 10086 | D:10     | Found Lunetus's Assorted Antiques.
 10094 | D:10     | Bought a fizzy ruby potion for 22 gold pieces
 10281 | D:10     | Found Erutree's Antique Armour Emporium.
 10287 | D:10     | Bought a glowing cloak for 262 gold pieces
 10799 | D:11     | Found a basalt altar of Yredelemnul.
 10822 | D:11     | Noticed a boulder beetle
 10830 | D:11     | Killed a boulder beetle
 10831 | D:11     | Reached skill level 10 in Fighting
 10831 | D:11     | Reached skill level 1 in Evocations
 10970 | D:11     | Noticed a two-headed ogre
 10976 | D:11     | Killed a two-headed ogre
 11006 | D:11     | Noticed a manticore
 11017 | D:11     | Reached XP level 12. HP: 93/106 MP: 12/12
 11794 | Lair:1   | Entered Level 1 of the Lair of Beasts
 12077 | Lair:1   | Gained Geork as an ally
 12078 | Lair:1   | Reached skill level 10 in Armour
 12078 | Lair:1   | Reached skill level 10 in Shields
 12078 | Lair:1   | Noticed a catoblepas
 12087 | Lair:1   | Killed a catoblepas
 12193 | Lair:1   | Reached skill level 11 in Fighting
 12425 | Lair:2   | Gained Bolgrim as an ally
 12544 | Lair:2   | Found a runed translucent gate.
 12545 | Lair:2   | Noticed a skyshark
 12545 | Lair:2   | Noticed Eugor's ghost (journeyman DECj)
 12551 | Lair:2   | Found a runed translucent gate.
 12551 | Lair:2   | Found a runed translucent gate.
 12583 | Lair:2   | Noticed a four-headed hydra
 12585 | Lair:2   | Noticed a boulder beetle
 12590 | Lair:2   | Killed a two-headed hydra
 12602 | Lair:2   | Killed a boulder beetle
 12831 | Lair:2   | Reached ***** piety under Beogh
 12982 | Lair:2   | You fall into a shaft and drop 1 floor!
 13185 | Lair:2   | Reached skill level 5 in Evocations
 14085 | Lair:3   | Found a staircase to the Shoals.
 14138 | Lair:3   | Found a staircase to the Snake Pit.
 14486 | Lair:3   | Reached XP level 13. HP: 109/117 MP: 13/13
 14844 | Lair:4   | Found a viscous altar of Jiyva.
 14844 | Lair:4   | Found a staircase to the Slime Pits.
 15767 | Lair:4   | Noticed Josephine
 15773 | Lair:4   | Killed Josephine
 15776 | Lair:4   | Gained Blodwig as an ally
 16216 | Lair:5   | Entered Level 5 of the Lair of Beasts
 16501 | Lair:5   | Found a frozen archway.
 16510 | IceCv    | Entered an ice cave
 16927 | IceCv    | Reached ****** piety under Beogh
 17976 | Lair:5   | Found a snail-covered altar of Cheibriados.
 18138 | Lair:5   | Noticed a dire elephant
 18138 | Lair:5   | Noticed a dire elephant
 18148 | Lair:5   | Reached skill level 10 in Evocations
 18170 | Lair:5   | Noticed a dire elephant
 18177 | Lair:5   | Killed a dire elephant
 18211 | Lair:5   | Reached XP level 14. HP: 115/125 MP: 14/14
 18491 | Lair:5   | Your ally Geork died
 18495 | Lair:5   | Killed a dire elephant
 18497 | Lair:5   | Reached skill level 1 in Dodging
 18501 | Lair:5   | HP: 1/183 [dire elephant (10)]
 18502 | Lair:5   | Killed a dire elephant
 18864 | Lair:5   | Noticed a dire elephant
 18864 | Lair:5   | Found the +11 plutonium sword {^Contam Stlth-}
 18875 | Lair:5   | Killed a dire elephant
 18876 | Lair:5   | Reached skill level 12 in Fighting
 19203 | Lair:5   | Reached skill level 1 in Invocations
 19683 | D:9      | Got the Papyrus of Conjuration
 19995 | D:12     | Gained Milork as an ally
 20463 | D:12     | Found a staircase to the Orcish Mines.
 20783 | Orc:1    | Entered Level 1 of the Orcish Mines
 20783 | Orc:1    | Found a roughly hewn altar of Beogh.
 20785 | Orc:1    | Noticed Maurice
 20786 | Orc:1    | Maurice changed into Maurice the boggart
 20786 | Orc:1    | Noticed Maurice
 20790 | Orc:1    | Killed Maurice the boggart
 20791 | Orc:1    | Found a shimmering blue altar of Sif Muna.
 20896 | Orc:1    | Found Mevonerau's Distillery.
 20913 | Orc:1    | Found Nigoece's Jewellery Shoppe.
 21149 | Orc:2    | Entered Level 2 of the Orcish Mines
 21150 | Orc:2    | Gained Bladwarg as an ally
 21747 | Orc:2    | Noticed an orc warlord
 21751 | Orc:2    | Found a roughly hewn altar of Beogh.
 21758 | Orc:2    | Killed an orc warlord
 21762 | Orc:2    | Gained Argrim as an ally
 21765 | Orc:2    | Your ally Argrim died
 21835 | Orc:2    | Found Liodeaq's Magic Scroll Shoppe.
 21888 | Orc:2    | Found Wobupp's Jewellery Boutique.
 21898 | Orc:2    | Gained Rocco as an ally
 22000 | Orc:2    | Found a staircase to the Elven Halls.
 22290 | Orc:2    | Found Geritoesm's Jewellery Shoppe.
 22306 | Orc:2    | Found Ytewn's Weapon Emporium.
 22311 | Orc:2    | Reached skill level 13 in Fighting
 22323 | Orc:2    | Noticed an orc warlord
 22338 | Orc:2    | Killed an orc warlord
 22339 | Orc:2    | Reached skill level 5 in Invocations
 22339 | Orc:2    | Reached XP level 15. HP: 119/135 MP: 18/18
 22391 | Orc:2    | Found a roughly hewn altar of Beogh.
 22806 | D:13     | Gained Beowulf as an ally
 22832 | D:13     | Identified a scroll of acquirement
 22832 | D:13     | Acquired a +2 antimagic broad axe
 22839 | D:13     | Gained Bladwarg as an ally
 23774 | D:14     | Found a gate to the Vaults.
 24810 | D:15     | Entered Level 15 of the Dungeon
 24903 | D:15     | Gained Grimold as an ally
 24933 | D:15     | Reached skill level 5 in Dodging
 25514 | D:15     | Your ally Bladwarg died
 25729 | D:15     | Gained Herok as an ally
 26335 | D:15     | Your ally Grimold died
 26354 | D:15     | Found a staircase to the Depths.
 27095 | Lair:2   | Killed Eugor's ghost
 27193 | Snake:1  | Entered Level 1 of the Snake Pit
 27237 | Snake:1  | Noticed Rupert
 27243 | Snake:1  | Killed Rupert
 27275 | Snake:1  | Identified the serpent talisman "Ypriloyg" {rF+ Will+++}
 27275 | Snake:1  | Noticed Aizul
 27276 | Snake:1  | Found Dukeosso's Antique Weapon Boutique.
 27276 | Snake:1  | Found Tatwo's Magic Scroll Shop.
 27283 | Snake:1  | Killed Aizul
 27305 | Snake:1  | Bought a scroll of blinking for 105 gold pieces
 27792 | Snake:1  | Reached XP level 16. HP: 145/145 MP: 21/21
 27818 | Snake:1  | Gained Warrok as an ally
 27822 | Snake:1  | Reached skill level 15 in Shields
 27989 | Snake:1  | Your ally Beowulf died
 28002 | Snake:1  | Reached skill level 14 in Fighting
 28016 | Snake:1  | Noticed a nagaraja
 28023 | Snake:1  | Killed a nagaraja
 28703 | Snake:2  | Found Van Qyq's Armour Shop.
 28752 | Snake:2  | Noticed Donald
 28760 | Snake:2  | Killed Donald
 29234 | Snake:2  | Gained Borgk as an ally
 29783 | Snake:2  | Acquired a manual of Fighting
 31186 | Snake:4  | Entered Level 4 of the Snake Pit
 31250 | Snake:4  | Reached skill level 15 in Fighting
 31730 | Snake:4  | Noticed a nagaraja
 31738 | Snake:4  | Killed a nagaraja
 31741 | Snake:4  | Gained Agrik as an ally
 31748 | Snake:4  | Reached skill level 10 in Invocations
 31750 | Snake:4  | Your ally Agrik died
 31750 | Snake:4  | Noticed a nagaraja
 31753 | Snake:4  | Your ally Bladwarg died
 31755 | Snake:4  | Your ally Milork died
 31756 | Snake:4  | Your ally Borgk died
 31758 | Snake:4  | Your ally Bolgrim died
 31765 | Snake:4  | Your ally Herok died
 31769 | Snake:4  | Your ally Blodwig died
 32504 | Snake:4  | Reached XP level 17. HP: 143/158 MP: 24/24
 32703 | Snake:4  | Reached skill level 16 in Fighting
 33134 | Snake:4  | Got a serpentine rune of Zot
 33498 | Shoals:1 | Entered Level 1 of the Shoals
 33611 | Shoals:1 | Gained Brunolf as an ally
 33800 | Shoals:1 | Your ally Rocco died
 34020 | Shoals:1 | Gained Orik as an ally
 34024 | Shoals:1 | Identified the +8 short sword of Fate {chaos, Dex+2}
 34317 | Shoals:1 | Found Niapolah's General Store.
 34325 | Shoals:1 | Bought a scroll of teleportation for 36 gold pieces
 34325 | Shoals:1 | Bought a potion of berserk rage for 60 gold pieces
 34397 | Shoals:2 | Found Koecucs's General Store.
 34406 | Shoals:2 | Bought a scroll of enchant armour for 135 gold pieces
 34406 | Shoals:2 | Bought a potion of berserk rage for 90 gold pieces
 34406 | Shoals:2 | Bought 2 potions of might for 144 gold pieces
 34439 | Shoals:2 | Found Ryeleph's Armour Shoppe.
 34767 | Shoals:2 | Gained Bogrim as an ally
 35159 | Shoals:3 | Your ally Warrok died
 35338 | Shoals:3 | Noticed Polyphemus
 35352 | Shoals:3 | Your ally Warrok died
 35362 | Shoals:3 | Killed Polyphemus
 35441 | Shoals:3 | Reached skill level 17 in Fighting
 36100 | Shoals:4 | Entered Level 4 of the Shoals
 36830 | Shoals:4 | Found Imibbab's General Store.
 36833 | Shoals:4 | Bought a potion of haste for 180 gold pieces
 36841 | Shoals:4 | Noticed a kraken
 36948 | Shoals:4 | Got the Elucidation of Momentum
 36981 | Shoals:4 | Reached skill level 15 in Armour
 37069 | Shoals:4 | Identified the +0 chain mail of the Shining Light {rPois
                  | rN+++ Int-3 Dex+3}
 37119 | Shoals:4 | Your ally Brunolf died
 37176 | Shoals:4 | Reached XP level 18. HP: 161/171 MP: 27/27
 37191 | Shoals:4 | Identified the amulet "Butim" {Faith ^Contam Rampage
                  | Regen+}
 37217 | Shoals:4 | Reached skill level 18 in Fighting
 37414 | Shoals:4 | Got a barnacled rune of Zot
 38058 | Vaults:1 | Entered Level 1 of the Vaults
 38705 | Vaults:1 | Noticed Saint Roka
 38777 | Vaults:1 | Killed Saint Roka
 38994 | Vaults:1 | Your ally Blodwig died
 39535 | Vaults:1 | Your ally Bogrim died
 40198 | Vaults:2 | Your ally Orik died
 40319 | Vaults:2 | Reached skill level 19 in Fighting
 40747 | Vaults:2 | Gained Argrim as an ally
 40944 | Vaults:2 | Your ally Argrim died
 41220 | Vaults:2 | Noticed Mara
 41374 | Vaults:2 | Noticed jestert79's illusion
 41715 | Vaults:2 | Killed Mara
 41895 | Vaults:2 | Reached XP level 19. HP: 184/184 MP: 29/29
 42026 | Vaults:2 | Reached skill level 20 in Fighting
 42068 | Vaults:2 | Gained Geork as an ally
 42522 | Vaults:2 | Your ally Geork died
 42922 | Vaults:2 | Found a staircase to the Crypt.
 43055 | Vaults:2 | Gained Hawl as an ally
 43961 | Vaults:3 | Reached skill level 21 in Fighting
 44008 | Vaults:3 | Your ally Hawl died
 45062 | Vaults:3 | Noticed Asterion
 45076 | Vaults:3 | Killed Asterion
 45331 | D:10     | Bought ichor-stained ice dragon scales for 1625 gold pieces
 45331 | D:10     | Identified the +3 ice dragon scales of Generosity {Rampage
                  | Fly rElec rF- rC++ Int-3} (You bought it in a shop on level
                  | 10 of the Dungeon)
 45828 | Vaults:4 | Noticed Margery
 46224 | Vaults:4 | Killed Margery
 46959 | Vaults:4 | Reached XP level 20. HP: 163/200 MP: 8/30
 47077 | Vaults:4 | Reached skill level 22 in Fighting
 47681 | Elf:1    | Entered Level 1 of the Elven Halls
 48183 | Elf:1    | Paralysed by an air elemental for 1 turns
 48186 | Elf:1    | Paralysed by an air elemental for 1 turns
 48346 | Elf:1    | Got the Spellbook of Phantasms
 48563 | Elf:1    | Paralysed by an air elemental for 1 turns
 48568 | Elf:1    | Paralysed by an air elemental for 1 turns
 48723 | Elf:2    | Found Kenarut's Weapon Shoppe.
 48747 | Elf:2    | Paralysed by an air elemental for 1 turns
 48751 | Elf:2    | Paralysed by an air elemental for 1 turns
 48864 | Elf:2    | Paralysed by an air elemental for 1 turns
 48866 | Elf:2    | Paralysed by an air elemental for 1 turns
 49025 | Elf:2    | Upgraded the game from 0.32-a0-22-g6ae6769602 to
                  | 0.32-a0-30-gefbe487952
 49221 | Elf:2    | Found a runed translucent gate.
 49221 | Elf:2    | Found a runed translucent gate.
 49223 | Elf:2    | Paralysed by an air elemental for 1 turns
 49226 | Elf:2    | Gained Arbolt as an ally
 49229 | Elf:2    | Found a runed translucent gate.
 49836 | Elf:3    | Entered Level 3 of the Elven Halls
 49849 | Elf:3    | Acquired a +0 crystal plate armour
 50136 | Elf:3    | Gained Norbak as an ally
 50557 | Elf:3    | Your ally Norbak died
 50559 | Elf:3    | Your ally Arbolt died
 50563 | Elf:3    | Your ally Hawl died
 50567 | Elf:3    | Gained Koronagh as an ally
 50578 | Elf:3    | Noticed a Brimstone Fiend
 50579 | Elf:3    | Your ally Koronagh died
 51215 | Elf:3    | Reached skill level 23 in Fighting
 51617 | Elf:3    | Gained Warbeogh as an ally
 51707 | Elf:3    | Identified the +4 shortbow "Ugrataru" {speed, rC+ Str+2
                  | Int+2 Stlth+}
 51736 | Elf:3    | Your ally Warbeogh died
 51909 | Elf:3    | Reached XP level 21. HP: 211/211 MP: 31/31
 52153 | Elf:3    | Got Sif Muna's Volume of Thunder and the Salvo
 52191 | Elf:3    | Identified the ring of Tinaip {^Drain rC- Will+ Int+9
                  | Stlth+}
 52252 | Elf:3    | Identified the +4 scale mail of Freedom {Regen+}
 52369 | Elf:3    | Identified the +0 robe "Jiptim" {Rampage rCorr Str+3}
 52544 | Elf:2    | Noticed Agnes
 52552 | Elf:2    | Killed Agnes
 52654 | Elf:2    | Gained Gorg as an ally
 52739 | Elf:2    | Identified the blade talisman of the Crushed Priests {MP+9
                  | Slay+3 SInv Stlth+}
 53151 | Depths:1 | Entered Level 1 of the Depths
 53840 | Depths:1 | Found a one-way gateway to a ziggurat.
 54049 | Depths:1 | Your ally Gorg died
 54145 | Depths:1 | Found a portal to a secret trove of treasure.
 54383 | Orc:2    | Bought a +4 ring of slaying for 1170 gold pieces
 54651 | Depths:1 | You paid a toll of a +4 ring of slaying to enter a treasure
                  | trove
 54652 | Trove    | Entered a treasure trove
 54663 | Trove    | Identified the +6 whip of Eternal Vigilance {antimagic,
                  | rCorr Str-4 Int+5}
 54665 | Trove    | Identified the +11 spear "Wagh" {antimagic, *Corrode Str+5}
 54668 | Trove    | Identified the +8 dagger of Infection {antimagic, Str+4}
 54674 | Trove    | Identified the +1 whip "Nibeotaa" {flame, ^Drain rN+ rCorr
                  | Dex+4}
 54676 | Trove    | Identified the +10 dagger of Mana {flame, rC+ Will+ Str+6
                  | Int-3}
 54684 | Trove    | Identified the +8 mace of Resumed Hostilities {spect,
                  | +Blink rElec rPois SInv}
 54686 | Trove    | Identified the +5 dagger of the Flying Gnat {spect, Dex+4}
 54692 | Trove    | Identified the +5 dagger "Ykuuxu" {chaos, rPois rC+ Str+5
                  | Int-5}
 54693 | Trove    | Identified the +10 mace of Upheaval {chaos, rF++}
 55024 | Depths:1 | Found a gateway to Hell.
 55377 | Depths:2 | Found a one-way gate leading to the halls of Pandemonium.
 55446 | Depths:2 | Reached skill level 24 in Fighting
 55504 | Depths:2 | Noticed a caustic shrike
 55513 | Depths:2 | Killed a caustic shrike
 55764 | Depths:2 | Noticed a caustic shrike
 55764 | Depths:2 | Identified the ring of Paul Xarph {Fly rElec Will+ SInv}
 55795 | Depths:2 | Killed a caustic shrike
 55834 | Depths:2 | Your ally Gorg died
 56444 | Depths:2 | Noticed a caustic shrike
 56445 | Depths:2 | Found the +6 lightning scales {swift, rElec}
 56445 | Depths:2 | Noticed a juggernaut
 56457 | Depths:2 | Killed a caustic shrike
 56467 | Depths:2 | Killed a juggernaut
 56468 | Depths:2 | Reached XP level 22. HP: 186/224 MP: 32/32
 56650 | Depths:2 | Identified the +3 dagger of the Lost Hosts {drain, rElec
                  | SInv}
 57205 | Depths:3 | Noticed a golden dragon
 57220 | Depths:3 | Killed a golden dragon
 57369 | Depths:3 | Identified the +0 chain mail of Ecoupp {+Inv rF++ Str+4
                  | SInv}
 58103 | Depths:3 | Reached skill level 25 in Fighting
 58232 | Depths:3 | Identified the +9 orcbow "Butexappi" {flame, rC+ rN+}
 58283 | Depths:3 | Identified the dragon-blood talisman "Herhor" {*Corrode rN+
                  | Dex+4}
 58309 | Depths:3 | Found a one-way gate to the infinite horrors of the Abyss.
 58614 | Depths:4 | Entered Level 4 of the Depths
 58626 | Depths:4 | Noticed a caustic shrike
 58646 | Depths:3 | Killed a caustic shrike
 59012 | Depths:4 | Noticed a caustic shrike
 59019 | Depths:4 | Noticed a caustic shrike
 59022 | Depths:4 | Noticed a golden dragon
 59026 | Depths:4 | Killed a caustic shrike
 59029 | Depths:4 | Killed a caustic shrike
 59043 | Depths:4 | Killed a golden dragon
 59134 | Depths:4 | Found a gate to the Realm of Zot.
 59269 | Depths:4 | Found a glowing golden altar of the Shining One.
 59314 | Depths:4 | Found a sparkling altar of Nemelex Xobeh.
 59791 | Depths:4 | Gained Arbeogh as an ally
 60918 | Crypt:1  | Entered Level 1 of the Crypt
 61206 | Crypt:1  | Reached XP level 23. HP: 234/234 MP: 33/33
 61289 | Crypt:1  | Your ally Arbeogh died
 62030 | Crypt:1  | Identified the ring "Kiwor" {rF+++ rC+ rCorr Str-3}
 63426 | Crypt:2  | Identified the ring of Arrival {rElec Will- Int+6 Dex+3}
 63463 | Crypt:3  | Entered Level 3 of the Crypt
 63515 | Crypt:3  | Reached skill level 26 in Fighting
 63915 | Crypt:3  | Got Suruefo's Codex of Evil Words
 64263 | Crypt:3  | Found a staircase to the Tomb.
 64317 | Crypt:3  | Identified the +1 plate armour of the Nine Jumping Bones
                  | {rPois Int+3 Dex-5}
 64403 | Crypt:3  | Noticed Sojobo
 64429 | Crypt:3  | Killed Sojobo
 65156 | Crypt:3  | Found an ancient bone altar of Kikubaaqudgha.
 65158 | Crypt:3  | Noticed an ancient lich
 65161 | Crypt:3  | Noticed an ancient lich
 65175 | Crypt:3  | Killed an ancient lich
 65177 | Crypt:3  | Noticed a dread lich
 65181 | Crypt:3  | Killed an ancient lich
 65192 | Crypt:3  | Killed a dread lich
 66110 | Slime:1  | Entered Level 1 of the Pits of Slime
 66763 | Slime:5  | Entered Level 5 of the Pits of Slime
 66926 | Slime:5  | Found the +3 crown of Dyrovepreva {rElec Int+2 SInv}
 66936 | Slime:5  | Noticed the Royal Jelly
 66949 | Slime:5  | Was placed under penance by Beogh
 66953 | Slime:5  | Killed the Royal Jelly
 66974 | Slime:5  | Reached XP level 24. HP: 139/247 MP: 33/33
 67355 | Slime:5  | Identified the ring of Okev {rElec rPois rF+ Str+3 Dex-2}
 67364 | Slime:5  | Identified the ring "Ockun" {rElec Will+}
 67394 | Slime:5  | Identified the +11 great sword of Joyful Slaughter {flame,
                  | rPois}
 67401 | Slime:5  | Identified the +4 war axe of the Reaper {speed, *Corrode
                  | rElec rF+++ Int+2}
 67404 | Slime:5  | Identified the +3 orcbow of Jabahel {freeze, rElec rC+ rN+
                  | Str-4}
 67455 | Slime:5  | Identified the ring of the Rose {rPois rF+ Int+3}
 67462 | Slime:5  | Identified the ring of Dishonesty {^Contam Int+8 Dex+5
                  | SInv}
 67483 | Slime:5  | Gained mutation: Armour fits poorly on your strangely
                  | shaped body. [a shining eye]
 67486 | Slime:5  | Gained mutation: You are vulnerable to heat. (rF-) [a
                  | shining eye]
 67529 | Slime:5  | Got a slimy rune of Zot
 67530 | Slime:5  | Identified the +1 broad axe of the Burning Vulture {vamp,
                  | rC++ Int+4 Dex+4}
 67881 | Depths:1 | Lost mutation: Armour fits poorly on your strangely shaped
                  | body. [potion of mutation]
 67881 | Depths:1 | Lost mutation: You are vulnerable to heat. (rF-) [potion of
                  | mutation]
 67881 | Depths:1 | Gained mutation: You are vulnerable to cold. (rC-) [potion
                  | of mutation]
 67881 | Depths:1 | Gained mutation: Your spells are a little harder to cast,
                  | but a little more powerful. [potion of mutation]
 67951 | Zot:1    | Entered Level 1 of the Realm of Zot
 68266 | Zot:1    | Noticed an orb of fire
 68271 | Zot:1    | Gained mutation: You are clumsy. (Dex -2) [an orb of fire]
 68277 | Zot:1    | Killed an orb of fire
 68288 | Zot:1    | Reached skill level 27 in Fighting
 69077 | Zot:1    | Found a shimmering blue altar of Sif Muna.
 69115 | Zot:1    | Found a shimmering blue altar of Sif Muna.
 69191 | Zot:1    | Identified the +8 whip of Conscience {freeze, rPois Will-
                  | Dex+3}
 70134 | Zot:2    | Noticed an orb of fire
 70145 | Zot:2    | Gained mutation: Your health recovers twice as slowly from
                  | being drained. [an orb of fire]
 70159 | Zot:2    | Gained mutation: You are frail. (-10% HP) [an orb of fire]
 70160 | Zot:2    | Killed an orb of fire
 70969 | Zot:2    | Was forgiven by Beogh
 71598 | Zot:2    | Gained Arbeogh as an ally
 72384 | Zot:3    | Your ally Arbeogh died
 72396 | Zot:3    | Gained Orkrul as an ally
 72644 | Zot:3    | Noticed an orb of fire
 72645 | Zot:3    | Gained mutation: Your body sometimes deteriorates upon
                  | taking damage. [an orb of fire]
 72647 | Zot:3    | Your ally Orkrul died
 72668 | Zot:3    | Killed an orb of fire
 72872 | Zot:3    | Noticed a curse toe
 72879 | Zot:3    | Killed a curse toe
 74121 | Zot:3    | Reached XP level 25. HP: 200/212 MP: 33/33
 76143 | Zot:5    | Entered Level 5 of the Realm of Zot
 76671 | Depths:1 | Lost mutation: You are clumsy. (Dex -2) [potion of
                  | mutation]
 76671 | Depths:1 | Lost mutation: You are vulnerable to cold. (rC-) [potion of
                  | mutation]
 76671 | Depths:1 | Lost mutation: You are frail. (-10% HP) [potion of
                  | mutation]
 76671 | Depths:1 | Gained mutation: A frigid envelope surrounds you and
                  | freezes all who hurt you. [potion of mutation]
 76671 | Depths:1 | Gained mutation: You expend magic power (3 MP) to
                  | strengthen your wands. [potion of mutation]
 77127 | Zot:5    | Noticed an orb of fire
 77129 | Zot:5    | Noticed an orb of fire
 77492 | Zot:5    | Gained mutation: You are dopey. (Int -2) [an orb of fire]
 77586 | Zot:5    | Noticed a Killer Klown
 77600 | Zot:5    | Gained mutation: You are occasionally teleported next to
                  | monsters. [an orb of fire]
 77612 | Zot:5    | Gained mutation: Your magical capacity is low. (-10% MP)
                  | [an orb of fire]
 77612 | Zot:5    | Noticed an orb of fire
 77612 | Zot:5    | Gained mutation: You have hidden genetic defects. [an orb
                  | of fire]
 77615 | Zot:5    | Gained mutation: You sometimes lose your temper in combat.
                  | [an orb of fire]
 77622 | Zot:5    | Killed an orb of fire
 77624 | Zot:5    | Gained mutation: You occasionally lose the ability to drink
                  | potions when taking damage. [an orb of fire]
 77625 | Zot:5    | Noticed a dread lich
 77628 | Zot:5    | Noticed an ancient lich
 77640 | Zot:4    | Killed an orb of fire
 77645 | Zot:4    | Lost mutation: A frigid envelope surrounds you and freezes
                  | all who hurt you. [potion of mutation]
 77645 | Zot:4    | Lost mutation: You have hidden genetic defects. [potion of
                  | mutation]
 77645 | Zot:4    | Gained mutation: You have a pair of small horns on your
                  | head. [potion of mutation]
 77646 | Zot:4    | Lost mutation: Your health recovers twice as slowly from
                  | being drained. [potion of mutation]
 77646 | Zot:4    | Lost mutation: You occasionally lose the ability to drink
                  | potions when taking damage. [potion of mutation]
 77646 | Zot:4    | Gained mutation: You have large cloven feet. [potion of
                  | mutation]
 77786 | Zot:4    | Killed an orb of fire
 77859 | Zot:5    | Noticed a Killer Klown
 77861 | Zot:5    | Noticed a Killer Klown
 77894 | Zot:5    | Got the Orb of Zot
 77899 | Zot:5    | Noticed an orb of fire
 77903 | Zot:5    | Noticed a Killer Klown
 77903 | Zot:5    | HP: 12/255 [Killer Klown/+9 club of freezing (12)]
 77903 | Zot:5    | Noticed a dread lich
 77904 | Zot:5    | Noticed an orb of fire
 77904 | Zot:5    | Noticed an orb of fire
 77905 | Zot:5    | HP: 1/255 [purple draconian/bolt of dispelling energy (12)]
 77910 | Zot:5    | Killed a Killer Klown
 77911 | Zot:5    | Noticed Gajumah the pandemonium lord
 77911 | Zot:5    | Gained mutation: You occasionally shout uncontrollably at
                  | your foes. [an orb of fire]
 77914 | Zot:5    | HP: 10/257 [purple draconian/+0 war axe (10)]
 78633 | D:1      | Noticed Iliomu the pandemonium lord
 78635 | D:$      | Escaped with the Orb!

Illustrated notes

Levels and vault maps discovered:
D:1:      mrwooster_arrival_statue, layout_loops_ring,
          shapermc_ecumenical_altar_rom_forum, serial_glass, glass_columns_a,
          glass_columns_a, glass_columns_a, glass_columns_b, glass_columns_a
D:2:      layout_rooms, cheibrodos_gnoll_hut
D:3:      layout_basic
D:4:      layout_basic, uniq_edmund, uniq_eustachio
D:5:      layout_basic, minmay_ruined_shrine
D:6:      layout_cave_pools, fedhas_altar_fruit_tree, hex_large
D:7:      hellmonk_ruined_rings, layout_loops_cross,
          minmay_temple_entry_crystal_x
D:8:      layout_rooms, nicolae_overflow_hallway_of_the_gods, st_stairs_13,
          uniq_amaemon
D:9:      cheibrodos_statue_roulette, layout_rooms, minmay_lair_entry_lava,
          serial_corexii_hall, chequers_hall_statues_y, corexii_hall_statues_l,
          minmay_hollow_rounded_squares
D:10:     layout_roguey [special_room_orc], serial_shops,
          nicolae_shop_scrapyard, nicolae_shop_waterfront, minivault_26
D:11:     layout_irregular_city, yredelemnul_altar_generic
D:12:     layout_rooms, david_orc_2, gauntlet_entry_generic
D:13:     layout_cave_pools
D:14:     layout_basic, erik_vaults_2
D:15:     grunt_enter_depths_magical_seal, layout_stronghold, serial_glass,
          glass_columns_b, glass_columns_b
Lair:1:   layout_misc_corridors, lemuel_fruit_tree, infiniplex_staircase_pool_2,
          lemuel_fruit_fields
Lair:2:   layout_hall_layers, gammafunk_ghost_split
Lair:3:   layout_loops_ring, shoals_dummy_entry, guppyfry_snake_entry_island,
          dpeg_oklob_1
Lair:4:   layout_regular_city, dpeg_slime_entry_enclosed, st_stairs_8,
          pdpol_lair_cavern_descent, serial_bayou_shore_a, grunt_megastairs_1,
          uniq_josephine
Lair:5:   due_jungle_book, layout_loops_ring, portal_ice_cave_entry_pillars_2,
          kennysheep_snail_temple
Shoals:1: layout_shoals, serial_shops, shop
Shoals:2: layout_shoals, serial_shops, shop, nicolae_shoals_c_island
Shoals:3: layout_shoals, uniq_polyphemus
Shoals:4: shoals_end_simple, layout_shoals, serial_shops,
          nicolae_shop_hallway_stairs
Snake:1:  layout_rooms, drop_trap, nicolae_snake_slithery_corners,
          grunt_ministairs_7, nicolae_snake_boneroom, minmay_shoptagon,
          uniq_rupert, uniq_aizul
Snake:2:  layout_chambers, serial_shops, nicolae_shop_mannequins, uniq_donald
Snake:3:  layout_cave_pods
Snake:4:  snake_pit, layout_misc_corridors
Slime:1:  layout_caves
Slime:2:  layout_caves
Slime:3:  layout_caves
Slime:4:  layout_caves
Slime:5:  slime_pit_nicolae_amoeboid
Orc:1:    layout_caves, basic_altar, serial_shops, shop,
          minmay_shop_enchanted_jewellery, led_sif_book, uniq_maurice
Orc:2:    pubby_orc_utopia
Elf:1:    nicolae_elf_arrival_fired_up, layout_loops_cross,
          minmay_elf_demonology, minmay_librarian
Elf:2:    nicolae_elf_blades_splatter_lattice [nicolae_blade_lattice],
          layout_loops_cross, serial_shops, nicolae_shop_peninsula, uniq_agnes
Elf:3:    minmay_elf_hall, layout_geoelf_grid, st_stairs_1
Vaults:1: nicolae_vaults_house_3, ontoclasm_vaults_shuriken,
          nicolae_vaults_little_squares_5, nicolae_vaults_trapezoid_lopsided_1,
          nicolae_vaults_six-pack, nicolae_vaults_diamond_1,
          layout_vaults_omnigrid, uniq_saint_roka
Vaults:2: nicolae_vaults_mitosis, minmay_crypt_entry_simple_round,
          ontoclasm_vaults_eye, nicolae_vaults_hallways_thing,
          vaults_dpeg_doors, vaults_standard_mumra_x,
          nicolae_vaults_little_squares_3, nicolae_vaults_door_testing_chamber,
          nicolae_vaults_crenellated_ambush, nicolae_vaults_diamond_2,
          hangedman_vaults_slice, nicolae_vaults_house_1,
          nicolae_vaults_border_crossing, nicolae_vaults_ring_of_whatevers,
          layout_vaults_omnicross, uniq_mara
Vaults:3: v_misc_4, nicolae_vaults_little_squares_4, vaults_mumra_hexcomb,
          nicolae_vaults_little_squares_4, nicolae_vaults_little_squares_1,
          vaults_room_door_hall, serial_ice_g, vaults_room_corners,
          nicolae_vaults_more_shelving_2, layout_vaults_big_room, uniq_asterion
Vaults:4: v_rooms_2, nicolae_vaults_rhombus_6, grunt_vaults_funnel,
          nicolae_vaults_trapezoid_2, nicolae_vaults_ring_of_whatevers,
          nicolae_vaults_shrinking_rooms_2, nicolae_vaults_closet_pinwheel_5,
          vaults_dpeg_hooks, nicolae_vaults_variable_pillar_hall,
          nicolae_vaults_house_2, nicolae_vaults_ring_of_whatevers,
          ontoclasm_vaults_ring_small, hangedman_vaults_locks,
          nicolae_vaults_trapezoid_lopsided_4, layout_vaults_omnibox,
          uniq_margery
Crypt:1:  layout_basic, grunt_crypt_arrival_webbed
Crypt:2:  layout_misc_corridors, nicolae_crypt_ancient_font,
          nicolae_crypt_tucked_away
Crypt:3:  quadcrypt_mu, uniq_josephina, uniq_sojobo
Depths:1: layout_honeycomb, enter_ziggurat_b, enter_trove_6, hell_entry,
          chequers_serial_rivers_room_b, nicolae_figureground_sparkle
Depths:2: hangedman_pleasuredromes, hell_entry, pan_entry
Depths:3: minmay_the_grid_square_5x5_3x3 [minmay_the_grid_square_5x5_mess,
          minmay_the_grid_square_5x5_moneybag, minmay_the_grid_square_5x5_z,
          minmay_the_grid_square_5x5_detours,
          minmay_the_grid_square_5x5_megaprize_diamond,
          minmay_the_grid_square_5x5_checkered_statues,
          minmay_the_grid_square_5x5_shrine2,
          minmay_the_grid_square_5x5_longway,
          minmay_the_grid_square_5x5_n_small], layout_long_grid, abyss_entry,
          hell_entry, small_statue_intersection, nicolae_letterblocks
          [nicolae_letter_subblock, nicolae_letter_subblock,
          nicolae_letter_subblock, nicolae_letter_subblock,
          nicolae_letter_subblock, nicolae_letter_subblock,
          nicolae_letter_subblock, nicolae_letter_subblock,
          nicolae_letter_subblock, nicolae_letter_subblock,
          nicolae_letter_subblock, nicolae_letter_subblock,
          nicolae_letter_subblock, nicolae_letter_subblock,
          nicolae_letter_subblock, nicolae_letter_subblock,
          nicolae_letter_subblock, nicolae_letter_subblock,
          nicolae_letter_subblock, nicolae_letter_subblock,
          nicolae_letter_subblock, nicolae_letter_subblock,
          nicolae_letter_subblock, nicolae_letter_subblock,
          nicolae_letter_subblock], minmay_staircase_windowed_large
Depths:4: grunt_zot_entry_bicorn, layout_cave_pools,
          nicolae_tso_carved_into_rock, hellmouth_1,
          nemelex_diamond_rough_becter
Zot:1:    kennysheep_blocky_room, layout_gridlike, regret_index_zotdec_magical_s
Zot:2:    layout_twisted_circle, grunt_megastairs_3
Zot:3:    layout_gridlike, skrybe_zot_glass_2
Zot:4:    layout_misc_corridors,
          regret_index_zotdec_abyssal_contain_seething_sorcery
Zot:5:    layout_twisted_circle

Skill      XL: |  1  2  3  4  5  6  7  8  9 10 11 12 13 14 15 16 17 18 19 20 21 22 23 24 25 |
---------------+----------------------------------------------------------------------------+-----
Axes           | 3 4 5 6 8 9 11 13 14 15 16 18 | 18.0
Fighting       | 4 6 8 10 11 13 15 17 19 21 23 24 25 26 27 | 27.0
Armour         | 4 6 7 9 10 12 14 15 16 17 19 20 21 22 24 25 | 25.6
Shields        | 4 6 7 9 10 12 14 16 17 19 20 21 22 23 25 26 | 26.4
Throwing       | 1 3 |  3.0
Evocations     | 2 5 10 | 10.8
Dodging        | 3 5 6 8 |  8.0
Invocations    | 5 7 10 12 14 | 14.0

Action                     |  1- 3 |  4- 6 |  7- 9 | 10-12 | 13-15 | 16-18 | 19-21 | 22-24 | 25-27 || total
---------------------------+-------+-------+-------+-------+-------+-------+-------+-------+-------++-------
  Melee: War axe           |    76 |   113 |   339 |   398 |    15 |       |       |       |       ||   941
         Broad axe         |       |       |       |     8 |   844 |   851 |  1055 |  1635 |   505 ||  4898
         Headbutt          |       |       |       |       |       |       |       |       |    17 ||    17
  Throw: Dart              |     3 |       |       |     4 |       |     3 |       |       |       ||    10
         Stone             |       |     5 |    15 |       |       |       |       |       |       ||    20
 Invoke: Convert to Beogh  |       |     1 |       |       |       |       |       |       |       ||     1
         Recall Orcish Fol |       |       |       |     5 |    15 |    28 |    11 |     3 |       ||    62
         Give Item to Name |       |       |       |     2 |     3 |     4 |     3 |     2 |       ||    14
         Smiting           |       |       |       |       |     2 |     1 |     7 |     7 |     2 ||    19
         Resurrection      |       |       |       |       |       |     2 |     2 |     1 |       ||     5
  Evoke: Wand              |       |     1 |     3 |     7 |     8 |     5 |     8 |       |     7 ||    39
    Use: Potion            |       |     2 |       |     1 |     1 |     5 |     5 |     7 |    18 ||    39
         Scroll            |       |       |       |    29 |     8 |    13 |     9 |     7 |    19 ||    85
   Stab: Distracted        |       |       |       |     2 |     7 |     7 |    10 |     5 |     2 ||    33
         Confused          |       |       |       |       |       |       |       |     1 |       ||     1
 Armour: Scale mail        |    74 |       |       |       |       |       |       |       |       ||    74
         Chain mail        |       |    68 |    80 |       |       |       |       |       |       ||   148
         Plate armour      |       |       |   121 |   281 |   588 |   590 |   206 |       |       ||  1786
         Crystal plate arm |       |       |       |       |       |       |   246 |    38 |       ||   284
         Gold dragon scale |       |       |       |       |       |       |       |   721 |   359 ||  1080
  Dodge: Dodged            |    60 |    48 |    74 |    92 |   178 |   161 |   124 |   180 |    90 ||  1007
  Block: Buckler           |    36 |    18 |    26 |       |       |       |       |       |       ||    80
         Kite shield       |       |       |    49 |   164 |   526 |   265 |       |       |       ||  1004
         Reflection        |       |       |       |       |    39 |    70 |   128 |    31 |     9 ||   277
         Tower shield      |       |       |       |       |       |   845 |  1128 |  1736 |   652 ||  4361

Table legend: (Time is in decaauts)
 A = Elapsed time spent in this place.
 B = Non-inter-level travel time spent in this place.
 C = Inter-level travel time spent in this place.
 D = Time resting spent in this place.
 E = Time spent auto-exploring this place.
 F = Levels seen in this place.
 G = Mean time per level.
                   A        B        C        D        E       F      G
               +--------+--------+--------+--------+--------+-----+--------+
         Total |  77662 |  68845 |   8817 |  21118 |  25299 |  56 | 1386.8 |
       Dungeon |  18792 |  15388 |   3404 |   3589 |   8017 |  15 | 1252.8 |
          Lair |   7175 |   6121 |   1054 |   1224 |   2828 |   5 | 1435.0 |
        Shoals |   4377 |   4233 |    144 |   1005 |   1700 |   4 | 1094.2 |
     Snake Pit |   6021 |   5710 |    311 |   1851 |   2139 |   4 | 1505.2 |
    Slime Pits |   1419 |   1333 |     86 |    427 |    274 |   5 |  283.8 |
  Orcish Mines |   2637 |   1867 |    770 |    213 |   1077 |   2 | 1318.5 |
   Elven Halls |   5662 |   4970 |    692 |   1494 |   1149 |   3 | 1887.3 |
        Vaults |   9298 |   8660 |    638 |   3623 |   2425 |   4 | 2324.5 |
         Crypt |   4848 |   4658 |    190 |   1581 |   1414 |   3 | 1616.0 |
        Depths |   6287 |   5353 |    934 |   1395 |   2046 |   4 | 1571.8 |
           Zot |   9805 |   9216 |    589 |   4345 |   1974 |   5 | 1961.0 |
         Trove |     93 |     93 |      0 |      0 |     21 |   1 |   93.0 |
      Ice Cave |   1243 |   1243 |      0 |    368 |    235 |   1 | 1243.0 |
               +--------+--------+--------+--------+--------+-----+--------+

Top non-repeatable levels by time:
Vaults:2: 3816 daAuts
Vaults:1: 2536 daAuts
   Zot:3: 2503 daAuts
   Zot:1: 2449 daAuts
   Elf:3: 2394 daAuts
 Crypt:3: 2295 daAuts
   Zot:4: 2295 daAuts
     D:9: 2232 daAuts
Depths:2: 2194 daAuts
    D:15: 2146 daAuts
  Lair:5: 2132 daAuts
   Orc:2: 2115 daAuts
   Elf:2: 2080 daAuts
 Snake:4: 1898 daAuts
    D:14: 1832 daAuts
